 Dungeon Crawl Stone Soup version 0.21.1-1-g345015fe64 (webtiles) character file.

273 Brecoman the Skirmisher (level 6, -1/51 HPs)
             Began as a Draconian Transmuter on June 14, 2018.
             Was a Follower of Qazlal.
             Slain by a centaur (7 damage)
             ... on level 5 of the Dungeon.
             The game lasted 00:17:03 (2427 turns).

Brecoman the Skirmisher (Draconian Transmuter)      Turns: 2427, Time: 00:17:04

Health: -1/51      AC:  7    Str: 14    XL:     6   Next: 2%
Magic:  8/10       EV: 13    Int: 13    God:    Qazlal [*.....]
Gold:   172        SH:  2    Dex: 17    Spells: 7/10 levels left

rFire    . . .     SeeInvis .   h - +4 short sword
rCold    . . .     Gourm    .   (no shield)
rNeg     . . .     Faith    .   (armour unavailable)
rPois    .         Spirit   .   (helmet restricted)
rElec    .         Reflect  .   r - +0 cloak
rCorr    .         Harm     .   (no gloves)
MR       .....     Rnd*Tele +   (no boots)
Stlth    +.........             (no amulet)
HPRegen  0.17/turn              d - +5 ring of dexterity
MPRegen  0.12/turn              u - ring of teleportation (curse)

@: appendage
A: unfitting armour, horns 2, cold-blooded, AC +6
a: End Transformation, Renounce Religion


You were on level 5 of the Dungeon.
You worshipped Qazlal.
Qazlal was aware of your devotion.
You were near starving.
You had grown temporary horns.
You visited 1 branch of the dungeon, and saw 5 of its levels.

You collected 172 gold pieces.

Inventory:

Hand Weapons
 f - a +0 dagger of draining
 h - a +4 short sword (weapon)
 o - a +2 spear of piercing
Missiles
 a - 41 arrows
 q - 4 large rocks (quivered)
Armour
 p - a +0 helmet
 r - a +0 cloak (worn)
Jewellery
 d - a +5 ring of dexterity (left hand)
 u - a cursed ring of teleportation (right hand)
Scrolls
 i - a scroll of magic mapping
 j - a scroll of teleportation
 w - 2 scrolls of identify
Potions
 e - 2 potions of degeneration
 g - 2 potions of heal wounds {unknown}
 l - a potion of flight {unknown}
 m - 2 potions of cancellation {unknown}
 n - 2 potions of magic {unknown}
 s - a potion of haste {unknown}
 t - a potion of brilliance {unknown}
Books
 b - a book of Changes

   Spells                             Type                      Level
   a - Beastly Appendage              Transmutation                1
   b - Sticks to Snakes               Transmutation                2
   c - Spider Form                    Transmutation/Poison         3
   d - Ice Form                       Ice/Transmutation            4
   e - Blade Hands                    Transmutation                5
 k - a book of Changes

   Spells                             Type                      Level
   a - Beastly Appendage              Transmutation                1
   b - Sticks to Snakes               Transmutation                2
   c - Spider Form                    Transmutation/Poison         3
   d - Ice Form                       Ice/Transmutation            4
   e - Blade Hands                    Transmutation                5
Comestibles
 c - 3 rations


   Skills:
 * Level 3.5 Fighting
 * Level 2.6 Short Blades
 + Level 2.6 Dodging
 - Level 3.3 Unarmed Combat
 + Level 2.8 Spellcasting
 + Level 2.9 Transmutations


You had 7 spell levels left.
You knew the following spells:

 Your Spells              Type           Power        Failure   Level  Hunger
a - Beastly Appendage     Tmut           #.....       7%          1    #......
b - Sticks to Snakes      Tmut           #.......     11%         2    ###....


Dungeon Overview and Level Annotations

Branches:
Dungeon (5/15)
 Temple: D:4-7

Altars:
Nemelex Xobeh
Qazlal
Trog

Annotations:
D:4 Edmund


Innate Abilities, Weirdness & Mutations

Your plain brown scales are hard. (AC +6)
You cannot fit into any form of body armour.
You are cold-blooded and may be slowed by cold attacks.
You have a pair of horns on your head.


Message History

Your experience leads to an increase in your attributes!
Your base attributes are Str 13, Int 13, Dex 12.
Increase (S)trength, (I)ntelligence, or (D)exterity?
You feel stronger.
Your scales feel tougher.
The centaur wields a shortbow.
The centaur shoots an arrow.
The arrow hits you but does no damage.
You see here an arrow.
The centaur shoots an arrow.
The arrow closely misses you.
The centaur shoots an arrow.
The arrow hits you!
* * * LOW HITPOINT WARNING * * *
Things that are here:
an arrow; 9 gold pieces The centaur shoots an arrow.
The arrow closely misses you.
You see here an arrow.
The centaur unwields an uncursed shortbow.
The centaur closely misses you.
You hit the centaur but do no damage. You headbutt the centaur!
The centaur is heavily wounded.
The centaur closely misses you. The centaur hits you!
You die...

#.# ## #..
....#.. #......
#.....#########
#. #........#P.PP
#. #.....<.......
#.#...........#.
#(.((@c.........
#........>......
#..#..........###
....#.........###
..##.#.).......#
. . ..........#
##+##........#
##########


You could see a centaur.

Vanquished Creatures
  A bullfrog (D:4)
  A hound (D:5)
  Jessica (D:2)
  An iguana (D:4)
  A worker ant (D:4)
  A gnoll (D:1)
  2 adders
  2 oozes (D:3)
  A worm (D:4)
  3 dart slugs
  A leopard gecko (D:2)
  3 orcs
  2 ball pythons
  A giant cockroach (D:2)
  4 goblins
  8 hobgoblins
  2 jackals (D:2)
  A quokka (D:3)
  6 bats
  3 frilled lizards
  9 kobolds
  4 rats
58 creatures vanquished.

Notes
Turn   | Place    | Note
-------+----------+-------------------------------------------
     0 | D:1      | Brecoman the Draconian Transmuter began the quest for the Orb.
     0 | D:1      | Reached XP level 1. HP: 16/16 MP: 3/3
    41 | D:1      | Reached XP level 2. HP: 19/23 MP: 3/5
    53 | D:1      | Learned a level 2 spell: Sticks to Snakes
   875 | D:2      | Reached XP level 3. HP: 20/29 MP: 6/6
   927 | D:2      | Found a stormy altar of Qazlal.
   928 | D:2      | Noticed a fire elemental
   930 | D:2      | Noticed an earth elemental
   930 | D:2      | Noticed an air elemental
   930 | D:2      | Noticed a water elemental
   931 | D:2      | Noticed Jessica
   941 | D:2      | Killed Jessica
   941 | D:2      | Reached skill level 1 in Short Blades
   944 | D:2      | Became a worshipper of Qazlal Stormbringer
  1048 | D:2      | Reached XP level 4. HP: 28/36 MP: 7/7
  1416 | D:3      | Reached * piety under Qazlal
  1604 | D:3      | Found a bloodstained altar of Trog.
  2195 | D:4      | Noticed a bullfrog
  2203 | D:4      | Killed a bullfrog
  2203 | D:4      | Reached XP level 5. HP: 26/45 MP: 7/9
  2317 | D:4      | Found a sparkling altar of Nemelex Xobeh.
  2345 | D:4      | Noticed Edmund
  2361 | D:5      | Entered Level 5 of the Dungeon
  2420 | D:5      | Noticed a centaur
  2422 | D:5      | Reached XP level 6. HP: 20/51 MP: 8/10
  2427 | D:5      | Slain by a centaur

Skill      XL: |  1  2  3  4 |
---------------+-------------+-----
Dodging        | 2 |  2.6
Fighting       | 2 3 |  3.5
Short Blades   | 1 2 |  2.6
Unarmed Combat | |  3.3
Spellcasting   | |  2.8
Transmutations | |  2.9

Action                   |  1- 3 |  4- 6 || total
-------------------------+-------+-------++-------
Melee: Unarmed           |    10 |       ||    10
       Kick              |     5 |     1 ||     6
       Short sword       |    54 |    90 ||   144
       Tailslap          |     6 |     7 ||    13
       Headbutt          |     2 |     1 ||     3
       Punch             |     1 |     1 ||     2
 Cast: Beastly Appendage |     6 |     2 ||     8
       Sticks to Snakes  |     1 |       ||     1
  Use: Scroll            |       |     7 ||     7
 Stab: Sleeping          |     2 |       ||     2
  Eat: Ration            |       |     1 ||     1
Armor: Skin              |    20 |    39 ||    59
Dodge: Dodged            |    48 |    69 ||   117
Block: Other             |       |     6 ||     6
